 Dungeon Crawl Stone Soup version 0.16.1-25-gbcee3f8 (webtiles) character file.

159 Z4ng3tsu the Magician (level 5, -5/32 HPs)
             Began as a High Elf Wizard on May 20, 2015.
             Killed by divine providence
             ... invoked by an orc priest
              (11 damage)
             ... on level 3 of the Dungeon.
             The game lasted 00:38:08 (4694 turns).

Z4ng3tsu the Magician (High Elf Wizard)             Turns: 4694, Time: 00:38:08

Health: -5/32      AC:  5    Str:  6    XL:     5   Next: 17%
Magic:  11/18      EV: 13    Int: 22    God:
Gold:   139        SH:  0    Dex: 14    Spells: 5 memorised, 3 levels left

rFire  . . .     SeeInvis .     j - +1 short sword
rCold  + . .     Clarity  .     e - +2 robe {rC+}
rNeg   . . .     SustAb   .     (no shield)
rPois  .         Gourm    .     b - +1 hat
rElec  .         Spirit   .     (no cloak)
rCorr  .         Warding  .     (no gloves)
rMut   .         Stasis   .     (no boots)
MR     .....                    (no amulet)
Stlth  ++........               (no ring)
                                (no ring)

@: lethally poisoned (-5 -> -6), not resistant to hostile enchantments,
unstealthy
A: no striking features
a: no special abilities


You were on level 3 of the Dungeon.
You were very hungry.

You visited 1 branch of the dungeon, and saw 3 of its levels.
You also visited: Sewer.

You collected 139 gold pieces.

Inventory:

Hand weapons
 j - a +1 short sword (weapon)
Armour
 a - a +0 robe
 b - a +1 hat (worn)
 e - a +2 robe of cold resistance (worn)
 n - a +0 robe
Scrolls
 m - a scroll of remove curse
 o - a scroll of enchant armour
 p - a scroll of teleportation
Potions
 g - 4 potions of agility
 h - a potion of flight
 k - a potion of mutation {unknown}
 l - a potion of restore abilities {unknown}
Books
 c - a book of Minor Magic

   Spells                             Type                      Level
   a - Magic Dart                     Conjuration                  1
   b - Blink                          Translocation                2
   c - Call Imp                       Summoning                    2
   d - Repel Missiles                 Charms/Air                   2
   e - Slow                           Hexes                        2
   f - Conjure Flame                  Conjuration/Fire             3
   g - Mephitic Cloud                 Conjuration/Poison/Air       3
Comestibles
 d - 2 bread rations
 f - a beef jerky
 i - 7 fruits


   Skills:
 + Level 0.4 Fighting
 + Level 0.2 Short Blades
 + Level 3.2 Dodging
 + Level 2.5 Stealth
 + Level 5.2 Spellcasting
 + Level 1.4 Conjurations
 + Level 2.1 Summonings
 + Level 1.2 Translocations


You had 3 spell levels left.
You knew the following spells:

 Your Spells              Type           Power        Failure   Level  Hunger
a - Magic Dart            Conj           ##..         8%          1    None
b - Call Imp              Summ           ###.....     10%         2    None
c - Blink                 Tloc           N/A          10%         2    None
d - Conjure Flame         Conj/Fire      #.......     21%         3    ##.....
e - Mephitic Cloud        Conj/Pois/Air  #.......     28%         3    ##.....


Dungeon Overview and Level Annotations

Branches:
Dungeon (3/15)

Altars:
Qazlal
Trog


Message History

Your white imp disappears in a puff of smoke!
Your crimson imp blinks!
Casting: Call Imp
Confirm with . or Enter, or press ? or * to list all spells.
A beastly little devil appears in a puff of flame.
The orc priest utters an invocation to Beogh.
You feel a wave of unholy energy pass over you.
Your crimson imp blinks!
You feel sick.
The orc priest's eyes start to glow.
Your crimson imp blinks!
Your crimson imp hits the orc priest.
Your crimson imp blinks!
The orc priest closely misses your crimson imp.
Your crimson imp barely misses the orc priest.
Your crimson imp hits the orc priest but does no damage.
Your crimson imp hits the orc priest. x2
The orc priest calls down the wrath of Beogh upon you.
Something smites you!
You die...

......#
#..####.........#######.
#####.#
#.........#####.........
* #.####.####....#
####)##### *
#.#.........#..# #.# *
#.#.##.####...## #.# *
#....#.#####.## #.# *
#..#.......>..# #.#
##...########5# #.#
****##.###5o5..@.# #.#
*,,,,,.# #(####### #.#
*,****## #(# #.#####
**,** #5# #...... *,,,**
#o# ####### ,,,,,* #(#
##. *,,,,* #(# ##..
**,*,* #)# ###... *,*,*
*#)#* #.....


You could see an orc priest and 3 friendly crimson imps.

Vanquished Creatures
  An adder (D:2)
  A giant gecko (D:1)
  An orc (D:3)
  3 goblins
  11 hobgoblins
  3 jackals
  9 kobolds
  An ooze (D:1)
  4 ball pythons
  4 bats
  5 giant cockroaches
  3 giant newts
  9 rats
55 creatures vanquished.

Vanquished Creatures (collateral kills)
  Purgy (Sewer)
  An adder (D:2)
  A river rat (D:3)
  A giant mite (D:3)
  An ooze (D:2)
  2 orcs
  A giant cockroach (D:1)
  4 goblins
  4 hobgoblins
  5 jackals
  2 ball pythons (D:3)
  A bat (D:1)
  6 kobolds
  2 quokkas
  A rat (D:1)
33 creatures vanquished.

Vanquished Creatures (others)
  A shadow imp (D:1)
1 creature vanquished.

Grand Total: 89 creatures vanquished

Notes
Turn   | Place    | Note
--------------------------------------------------------------
     0 | D:1      | Z4ng3tsu, the High Elf Wizard, began the quest for the Orb.
     0 | D:1      | Reached XP level 1. HP: 11/11 MP: 5/5
   330 | D:1      | Reached skill level 4 in Spellcasting
   351 | D:1      | Reached XP level 2. HP: 13/17 MP: 0/8
   356 | D:1      | Learned a level 2 spell: Call Imp
   359 | D:1      | Learned a level 2 spell: Blink
  1415 | D:1      | Reached XP level 3. HP: 13/21 MP: 2/11
  1542 | D:1      | Learned a level 3 spell: Conjure Flame
  1546 | D:1      | Learned a level 3 spell: Mephitic Cloud
  1761 | D:1      | Reached skill level 1 in Summonings
  1936 | D:2      | HP: 1/21 [poisoned by an adder]
  2925 | D:2      | Found a bloodstained altar of Trog.
  2936 | D:2      | Reached XP level 4. HP: 11/27 MP: 0/15
  3633 | D:3      | Found a glowing drain.
  3638 | D:3      | HP: 1/27 [hobgoblin/club (4)]
  3752 | D:3      | Found a stormy altar of Qazlal.
  3905 | Sewer    | Entered a sewer
  3995 | Sewer    | Reached skill level 5 in Spellcasting
  4037 | Sewer    | Noticed Purgy
  4046 | Sewer    | Killed Purgy
  4046 | Sewer    | Reached XP level 5. HP: 23/32 MP: 12/18
  4174 | D:3      | Noticed an air elemental
  4174 | D:3      | Noticed a water elemental
  4174 | D:3      | Noticed a fire elemental
  4694 | D:3      | Killed from afar by an orc priest

Action                   |  1- 3 |  4- 6 || total
-------------------------+-------+-------++-------
Melee: Unarmed           |    70 |       ||    70
       Short sword       |    37 |    68 ||   105
 Cast: Magic Dart        |    71 |    20 ||    91
       Call Imp          |    26 |    21 ||    47
       Conjure Flame     |     2 |     1 ||     3
       Blink             |     2 |     1 ||     3
       Mephitic Cloud    |       |     3 ||     3
  Use: Scroll            |     3 |     5 ||     8
       Potion            |     2 |       ||     2
 Stab: Sleeping          |     2 |       ||     2
       Distracted        |     1 |       ||     1
  Eat: Bread ration      |     1 |       ||     1
       Meat ration       |     1 |       ||     1
       Beef jerky        |       |     1 ||     1
